 Dungeon Crawl Stone Soup version 0.20-a0-971-g5896763 (webtiles) character file.

478 Svalin the Cleaver (level 7, 38/57 HPs)
             Began as a Hill Orc Fighter on Apr 6, 2017.
             Quit the game on level 4 of the Dungeon on Apr 8, 2017.
             The game lasted 00:10:35 (2799 turns).

Svalin the Cleaver (Hill Orc Fighter)               Turns: 2799, Time: 00:10:36

Health: 38/57      AC: 13    Str: 19    XL:     7   Next: 11%
Magic:  7/7        EV:  7    Int:  8    God:
Gold:   166        SH:  0    Dex: 12    Spells: 6/6 levels left

rFire    + . .     SeeInvis .   a - +1 war axe
rCold    + . .     Gourm    +   (no shield)
rNeg     . . .     Faith    .   n - +1 chain mail {rPois}
rPois    +         Spirit   .   (no helmet)
rElec    .         Reflect  .   m - +0 cloak
rCorr    .         Harm     .   v - +0 pair of gloves
MR       .....                  (no boots)
Stlth    ..........             u - amulet of the gourmand
Regen    0.2/turn               s - ring of protection from cold
MPRegen  0.1/turn               o - ring of protection from fire

@: drained
A: no striking features
a: no special abilities


You were on level 4 of the Dungeon.
You were completely stuffed.

You visited 1 branch of the dungeon, and saw 4 of its levels.

You collected 166 gold pieces.

Inventory:

Hand Weapons
 a - a +1 war axe (weapon)
Missiles
 w - 6 tomahawks (quivered)
Armour
 b - a +0 scale mail
 m - a +0 cloak (worn)
 n - a +1 chain mail of poison resistance (worn)
 v - a +0 pair of gloves (worn)
Jewellery
 e - an uncursed ring of flight
 i - an uncursed ring of magical power
 o - a ring of protection from fire (right hand)
 r - an uncursed ring of stealth
 s - a ring of protection from cold (left hand)
 u - an amulet of the gourmand (around neck)
Scrolls
 h - a scroll of noise
 t - a scroll of remove curse
Potions
 c - 2 potions of brilliance {unknown}
 k - 2 potions of curing
 l - 2 potions of cancellation
 q - a potion of heal wounds {unknown}
Comestibles
 d - 2 chunks of flesh
 f - 2 bread rations
 g - 3 royal jellies
 p - a meat ration


   Skills:
 - Level 3.6(3.3) Fighting
 * Level 8.5(8.2) Axes
 + Level 5.2(4.9) Armour
   Level 3.2(3.0) Shields


You had 6 spell levels left.
You didn't know any spells.

Dungeon Overview and Level Annotations

Branches:
Dungeon (4/15)
 Temple: D:4-7

Altars:
The Shining One


Message History

Eating one of 4 chunks of flesh.
You eat one of the 4 chunks of flesh.
This raw flesh tastes great.
Eating one of 3 chunks of flesh.
You eat one of the 3 chunks of flesh.
This raw flesh tastes great.
You feel a little less mighty now.
You aren't carrying any items that you can evoke.
You aren't carrying any items that you can evoke.
Okay, then.
Things that are here:
a dagger; a robe; a dagger of venom
Items here: )) [[ a mace; a dagger; a robe; a leather armour
Things that are here:
a dagger; a robe; a dagger of venom
Okay, then.
Okay, then.
Welcome back, Svalin the Hill Orc Fighter.
Press ? for a list of commands and other information.
Okay, then.
Are you sure you want to abandon this character and quit the game? (Confirm with "yes".)

......#..#
#...... .##
#..(... ..
####.#..##.#
.........#.#
#
#........#.#
#..........#
#....@.[.#
#......###
#..##..#
#..###.#
#......#
#...####
#...#######
#.........#
#...#####.#


There were no monsters in sight!

Vanquished Creatures
  The ghost of DoctorBileduct the Skirmisher, an amateur HOFi (D:3)
  An orc priest (D:4)
  Crazy Yiuf (D:2)
  An iguana (D:4)
  2 orc wizards (D:4)
  7 adders
  3 gnolls (D:3)
  3 oozes (D:2)
  A worm (D:2)
  3 dart slugs (D:1)
  4 leopard geckos
  3 orcs
  6 bats
  2 giant cockroaches
  10 goblins
  9 hobgoblins
  12 jackals (D:1)
  A quokka (D:2)
  A ball python (D:3)
  A frilled lizard (D:1)
  7 kobolds
  7 rats
86 creatures vanquished.

Notes
Turn   | Place    | Note
-------+----------+-------------------------------------------
     0 | D:1      | Svalin the Hill Orc Fighter began the quest for the Orb.
     0 | D:1      | Reached XP level 1. HP: 19/19 MP: 1/1
    80 | D:1      | Reached skill level 3 in Axes
   245 | D:1      | Reached XP level 2. HP: 20/26 MP: 2/2
   337 | D:1      | Reached skill level 4 in Axes
   462 | D:1      | Reached XP level 3. HP: 11/31 MP: 3/3
   808 | D:1      | Reached skill level 5 in Axes
  1111 | D:2      | Reached XP level 4. HP: 33/39 MP: 4/4
  1280 | D:2      | Reached skill level 6 in Axes
  1337 | D:2      | Found a runed door.
  1524 | D:2      | Noticed Crazy Yiuf
  1528 | D:2      | Killed Crazy Yiuf
  1528 | D:2      | Reached XP level 5. HP: 45/45 MP: 5/5
  1845 | D:3      | Noticed DoctorBileduct's ghost (amateur HOFi)
  1852 | D:3      | Killed DoctorBileduct's ghost
  1852 | D:3      | Reached skill level 7 in Axes
  1852 | D:3      | Reached XP level 6. HP: 34/51 MP: 6/6
  2108 | D:3      | Found a glowing golden altar of the Shining One.
  2763 | D:4      | Reached skill level 8 in Axes
  2763 | D:4      | Reached skill level 5 in Armour
  2765 | D:4      | Reached XP level 7. HP: 30/57 MP: 7/7
  2799 | D:4      | Upgraded the game from 0.20-a0-959-gdc9e609 to 0.20-a0-971-g5896763
  2799 | D:4      | Quit the game

Vault maps used:
D:1:      matt_arrival_spirals, st_stairs_13, kennysheep_small_spiral
D:2:      first_bread, uniq_crazy_yiuf_cottage
D:3:      tso_metal_star
D:4:      minmay_temple_entry_fiery

Skill      XL: |  1  2  3  4  5  6 |
---------------+-------------------+-----
Axes           | 3 4 5 6 7 8 |  8.5
Armour         | 4 5 |  5.2
Fighting       | |  3.6
Shields        | |  3.2

Action                   |  1- 3 |  4- 6 |  7- 9 || total
-------------------------+-------+-------+-------++-------
Melee: War axe           |    95 |   121 |     1 ||   217
  Use: Scroll            |       |     8 |       ||     8
       Potion            |       |     4 |       ||     4
  Eat: Chunk             |     1 |    11 |     7 ||    19
Armor: Scale mail        |    36 |       |       ||    36
       Chain mail        |    15 |    92 |     1 ||   108
Dodge: Dodged            |    51 |    44 |       ||    95
